 Dungeon Crawl Stone Soup version 0.29.1-12-g30fa7ad0bf (webtiles) character file.

Game seed: 12146424624898221154

2609 wormed the Grappler (level 9, 0/81 (85) HPs)
             Began as a Troll Gladiator on Dec 23, 2022.
             Was an Initiate of Ru.
             Slain by a gnoll
             ... wielding a +1 halberd of electrocution
              (14 damage)
             ... in a bailey.
             The game lasted 00:07:54 (5102 turns).

wormed the Grappler (Troll Gladiator)               Turns: 5102, Time: 00:07:54

HP:   0/81 (85)     AC:  4    Str: 28    XL:     9   Next: 34%
MP:   8/8           EV: 11    Int:  4    God:    Ru [......]
Gold: 372           SH:  0    Dex: 11    Spells: 8/8 levels left

rFire   + . .      SeeInvis +     - Unarmed
rCold   . . .      Faith    .   (no shield)
rNeg    . . .      Spirit   .   a - +0 robe
rPois   .          Reflect  .   b - +0 hat
rElec   .          Harm     .   g - scarf {repulsion}
rCorr   .          Rampage  .   (gloves unavailable)
Will    .....                   (boots unavailable)
Stlth   +.........              (no amulet)
HPRegen 1.03/turn               r - ring of see invisible
MPRegen 0.11/turn               y - ring of protection from fire

@: lightly drained, repel missiles
A: large, unfitting armour, claws 3, regeneration 1, screaming 1, shaggy fur 1,
tough skin 1
a: Renounce Religion


You were in a bailey.
You worshipped Ru.
Ru was noncommittal.
You visited 2 branches of the dungeon, and saw 8 of its levels.
You also visited: Bailey.

You collected 372 gold pieces.

Inventory:

Missiles
 c - 3 throwing nets
 d - a large rock (quivered)
Armour
 a - a +0 robe (worn)
 b - a +0 hat (worn)
 g - a scarf of repulsion (worn)
Jewellery
 r - a ring of see invisible (left claw)
 y - a ring of protection from fire (right claw)
 z - a ring of ice
 A - a ring of protection from fire
Wands
 w - a wand of paralysis (3)
 x - a wand of polymorph (4)
Scrolls
 e - 3 scrolls of identify {unknown}
 f - 2 scrolls of butterflies {unknown}
 j - a scroll of summoning {unknown}
 l - 5 scrolls of teleportation {unknown}
 m - a scroll of magic mapping {unknown}
 n - a scroll of fear {unknown}
 o - 3 scrolls of enchant armour {unknown}
 p - 3 scrolls of noise {unknown}
 t - 3 scrolls of poison {unknown}
 u - 2 scrolls of vulnerability {unknown}
 v - a scroll of amnesia {unknown}
Potions
 h - 4 potions of degeneration {unknown}
 i - 4 potions of curing {unknown}
 k - 2 potions of haste {unknown}
 q - 3 potions of brilliance {unknown}
 s - 3 potions of heal wounds
 B - a potion of mutation {unknown}
 C - a potion of invisibility {unknown}
 D - a potion of magic {unknown}


   Skills:
 + Level 4.4 Fighting
 + Level 5.0 Throwing
 + Level 4.1 Armour
 + Level 5.0 Dodging
 * Level 8.1 Unarmed Combat


You had 8 spell levels left.
You didn't know any spells.
Your spell library contained the following spells:

 Spells                   Type           Power      Damage    Failure   Level
 Freeze                   Ice            0%         1d3       50%         1
 Sandblast                Erth           0%         2d4       50%         1
 Shock                    Conj/Air       0%         1d3       50%         1
 Passwall                 Tmut/Erth      0%         N/A       65%         2
 Frozen Ramparts          Ice            0%         1d1       86%         3
 Portal Projectile        Hex/Tloc       0%         N/A       86%         3
 Stone Arrow              Conj/Erth      0%         3d7       86%         3
 Swiftness                Air            0%         N/A       86%         3
 Tukima's Dance           Hex            0%         N/A       86%         3
 Airstrike                Air            0%         2d(0-16)  99%         4
 Hailstorm                Conj/Ice       0%         3d3       99%         4
 Blade Hands              Tmut           0%         N/A       100%        5


Dungeon Overview and Level Annotations

Branches:
Dungeon (7/15)             Temple (1/1) D:4          Bailey (1/1)

Altars:
Cheibriados
Dithmenos
Elyvilon
Fedhas
Gozag
Hepliaklqana
Kikubaaqudgha
Makhleb
Qazlal
Ru
Sif Muna
Uskayaw
Vehumet
Wu Jian
Yredelemnul
Zin
The Shining One

Shops:
D:7 [

Annotations:
D:7 1 runed translucent door, Crazy Yiuf


Innate Abilities, Weirdness & Mutations

You are too large for most types of armour.
You have claws for hands.
Your natural rate of healing is unusually fast.
You occasionally shout uncontrollably at your foes.
You are covered in fur. (AC +1)
You have tough skin. (AC +1)


Message History

As you open the door, it creaks loudly!
An orc warrior and 2 gnolls come into view.
A gnoll is wielding a +1 halberd of electrocution.
The orc warrior is wielding a +0 halberd of electrocution.
A gnoll is wielding a +0 halberd of electrocution.
The orc warrior shouts!
The gnoll shouts!
Found six items.
There is an open door here.
Things that are here:
a +0 halberd of electrocution; a gnoll corpse
There is an open door here.
The orc warrior barely misses you. The orc warrior closely misses you.
The orc warrior hits you with a +0 halberd of electrocution!
The gnoll closely misses you.
There is an open door, spattered with blood here.
You barely miss the orc warrior. Your claw misses the orc warrior.
The orc warrior hits you with a +0 halberd of electrocution!!
The gnoll hits you from afar with a +1 halberd of electrocution.
You are electrocuted!
You are too injured to fight recklessly!
You are too injured to fight recklessly!
You are too injured to fight recklessly!
You are too injured to fight recklessly!
You are too injured to fight recklessly!
You are too injured to fight recklessly!
You are too injured to fight recklessly!
You are too injured to fight recklessly!
You are too injured to fight recklessly!
You claw the orc warrior!
The orc warrior is heavily wounded.
The orc warrior closely misses you. The gnoll closely misses you.
You barely miss the orc warrior.
The orc warrior is heavily wounded.
The orc warrior hits you with a +0 halberd of electrocution.
The gnoll misses you.
You scratch the orc warrior but do no damage.
The orc warrior is heavily wounded.
The orc warrior hits you with a +0 halberd of electrocution!!
* * * LOW HITPOINT WARNING * * *
The gnoll hits you from afar with a +1 halberd of electrocution!
You die...

### ### #####
#)###)###ogg#
##'##'##@###'#
##.....## #!.
###.....###
.g.!
#.'..⌠..'.#
.⌠.!+
###.)...###
!.!.# ##)))..#
!.!#
##'##'##'# #+
+##+ #.###.#
#.#g# #'# ###
##### ### ###


You could see an orc warrior and 2 gnolls.

Vanquished Creatures
  Pikel (D:6)
  An orc warrior (D:7)
  2 black bears
  An ogre (D:4)
  4 centaurs
  3 phantoms
  2 lemures
  A kobold brigand (D:7)
  2 necrophages
  5 wights (D:7)
  A howler monkey (D:7)
  4 orc priests
  2 hounds
  A jelly (D:4)
  Terence (D:2)
  2 iguanas (D:5)
  8 orc wizards
  Robin (D:2)
  6 gnolls (Bailey)
  4 adders
  A white imp (D:3)
  A worm (D:3)
  8 dart slugs
  43 orcs
  8 endoplasms
  5 giant cockroaches
  13 goblins
  11 hobgoblins
  4 jackals (D:2)
  3 quokkas
  10 ball pythons
  2 bats
  3 frilled lizards (D:1)
  10 kobolds
  4 rats
178 creatures vanquished.

Vanquished Creatures (others)
  A plant (D:3)
1 creature vanquished.

Grand Total: 179 creatures vanquished

Notes
Turn   | Place    | Note
-------+----------+-------------------------------------------
     0 | D:1      | wormed the Troll Gladiator began the quest for the Orb.
     0 | D:1      | Reached XP level 1. HP: 19/19 MP: 0/0
   235 | D:1      | Reached XP level 2. HP: 28/28 MP: 1/1
   431 | D:1      | Reached XP level 3. HP: 33/35 MP: 2/2
   825 | D:2      | Noticed Terence
   834 | D:2      | Killed Terence
   835 | D:2      | Reached skill level 1 in Armour
   835 | D:2      | Reached XP level 4. HP: 10/42 MP: 3/3
  1004 | D:2      | Reached skill level 4 in Unarmed Combat
  1237 | D:2      | Reached XP level 5. HP: 49/49 MP: 4/4
  1247 | D:2      | Noticed Robin
  1255 | D:2      | Killed Robin
  1364 | D:2      | Found a faded altar of an unknown god.
  2007 | D:3      | Identified the +6 war axe "Stringbean" {protect, *Corrode
                  | Will+ MP+9 Dex+4}
  2193 | D:4      | Reached XP level 6. HP: 57/59 MP: 5/5
  2231 | D:4      | Found a shadowy altar of Dithmenos.
  2231 | D:4      | Found a glowing golden altar of the Shining One.
  2231 | D:4      | Found a basalt altar of Yredelemnul.
  2231 | D:4      | Found an ancient bone altar of Kikubaaqudgha.
  2375 | D:4      | Reached skill level 5 in Unarmed Combat
  2545 | D:4      | Found a staircase to the Ecumenical Temple.
  2604 | Temple   | Entered the Ecumenical Temple
  2674 | Temple   | Became a worshipper of Ru the Awakened
  2777 | D:4      | Reached XP level 7. HP: 66/66 MP: 6/6
  2906 | D:5      | Entered Level 5 of the Dungeon
  3013 | D:5      | Reached skill level 6 in Unarmed Combat
  3325 | D:5      | Reached XP level 8. HP: 71/75 MP: 7/7
  3770 | D:6      | Noticed Pikel
  3860 | D:6      | Found an ornate altar of the Wu Jian Council.
  4078 | D:6      | Killed Pikel
  4079 | D:6      | Reached skill level 7 in Unarmed Combat
  4203 | D:6      | Gained mutation: You occasionally shout uncontrollably at
                  | your foes. [Ru sacrifice]
  4499 | D:7      | Reached XP level 9. HP: 64/84 MP: 8/8
  4573 | D:7      | Found Coetel's Antique Armour Emporium.
  4759 | D:7      | Reached skill level 8 in Unarmed Combat
  4798 | D:7      | Found a runed translucent door.
  4799 | D:7      | Noticed Crazy Yiuf
  4888 | D:7      | Found a flagged portal.
  4894 | Bailey   | Entered a bailey
  4996 | Bailey   | Reached skill level 5 in Dodging
  5073 | Bailey   | Reached skill level 5 in Throwing
  5102 | Bailey   | Slain by a gnoll

Illustrated notes

Levels and vault maps discovered:
D:1:      dpeg_arrival_pits, layout_basic
D:2:      minmay_recursive_quarters, layout_loops_ring,
          chequers_ecumenical_altar_twisty, uniq_robin, uniq_terence
D:3:      layout_basic, serial_bayou_lagoon_b
D:4:      layout_basic, chequers_temple_overflow_statue_of_worship,
          minmay_temple_entry_tees
D:5:      layout_basic, minivault_5
D:6:      layout_basic, lemuel_crystal_altar, uniq_pikel
D:7:      layout_loops_ring, ashenzari_conservatory_becter, enter_bailey_2,
          serial_shops, shop, shop_coins, nicolae_shop_waterfront,
          nicolae_shop_stone, serial_bayou_pond_c, uniq_crazy_yiuf_cottage
Temple:   nicolae_temple_bog_church
Bailey:   bailey_polearm_nasty_gnolls, bailey

Skill      XL: |  1  2  3  4  5  6  7  8  9 |
---------------+----------------------------+-----
Throwing       | 2 3 4 5 |  5.0
Fighting       | 2 3 4 |  4.4
Armour         | 1 2 3 4 |  4.1
Unarmed Combat | 4 5 6 7 8 |  8.1
Dodging        | 3 4 5 |  5.0

Action                   |  1- 3 |  4- 6 |  7- 9 || total
-------------------------+-------+-------+-------++-------
Melee: Unarmed           |    79 |   213 |   222 ||   514
       Punch             |     2 |     5 |     5 ||    12
Invok: Sacrifice Purity  |       |       |     1 ||     1
 Stab: Sleeping          |     1 |       |     1 ||     2
       Distracted        |       |     1 |       ||     1
Armor: Robe              |    27 |    64 |    39 ||   130
       Skin              |       |       |     2 ||     2
Dodge: Dodged            |    31 |    90 |   103 ||   224
       Repelled          |       |     3 |       ||     3
